 Dungeon Sprint DCSS version 0.25-a0-1015-g4819203062 (webtiles) character file.

Game seed: 10123477630718717399, levelgen mode: deterministic

63 Morrissey the Chiller (level 4, -2/34 HPs)
             Began as a Merfolk Ice Elementalist on May 12, 2020.
             Was an Initiate of Okawaru.
             Slain by an orc warrior
             ... wielding a +0 scimitar
              (17 damage)
             ... in the Dungeon (Sprint VII: "The Pits").
             The game lasted 00:01:44 (292 turns).

Morrissey the Chiller (Merfolk Ice Elementalist)     Turns: 292, Time: 00:01:45

Health: -2/34      AC:  2    Str:  8    XL:     4   Next: 10%
Magic:  3/7        EV: 16    Int: 14    God:    Okawaru [......]
Gold:   0          SH:  0    Dex: 15    Spells: 3/7 levels left

rFire    . . .     SeeInvis .   b - +0 trident (vorpal)
rCold    . . .     Gourm    .   (no shield)
rNeg     . . .     Faith    .   j - +0 robe
rPois    .         Spirit   .   (no helmet)
rElec    .         Reflect  .   (no cloak)
rCorr    .         Harm     .   (no gloves)
MR       .....     NoTele   +   (no boots)
Stlth    ++........             (no amulet)
HPRegen  0.11/turn              (no ring)
MPRegen  0.10/turn              (no ring)

@: frozen ramparts
A: change form in water, swift swim, stealthy swim
a: Renounce Religion


You were in the Dungeon.
You worshipped Okawaru.
Okawaru was noncommittal.
You were not hungry.

You visited 1 branch

Inventory:

Hand Weapons
 a - a +2 trident
 b - a +0 vorpal trident (weapon)
Armour
 j - a +0 robe (worn)
Scrolls
 i - a scroll of blinking
 l - 3 scrolls of remove curse
 m - 5 scrolls of amnesia
 n - a scroll of summoning
Potions
 d - 6 potions of curing
 e - 6 potions of heal wounds
 f - a potion of haste
 g - 4 potions of magic
 h - 2 potions of berserk rage
 k - 2 potions of invisibility
Comestibles
 c - 9 rations
 o - 4 chunks of flesh


   Skills:
 + Level 2.9 Fighting
 * Level 5.3 Polearms
 * Level 5.9 Dodging
 - Level 2.1 Stealth
 - Level 2.0 Spellcasting
 * Level 6.3 Ice Magic


You had 3 spell levels left.
You knew the following spells:

 Your Spells              Type           Power        Failure   Level  Hunger
a - Freeze                Ice            ###.         1%          1    ##.....
b - Frozen Ramparts       Ice            ###...       5%          3    ####...

Your spell library contained the following spells:

 Spells                   Type           Power        Failure   Level  Hunger
 Ozocubu's Armour         Chrm/Ice       ##......     21%         3    ####...
 Hailstorm                Conj/Ice       ##......     54%         4    #####..
 Summon Ice Beast         Ice/Summ       ##......     54%         4    #####..


Dungeon Overview and Level Annotations

Branches:
Dungeon (1/1)

Altars:
Ashenzari
Cheibriados
Dithmenos
Elyvilon
Fedhas
Gozag
Hepliaklqana
Kikubaaqudgha
Makhleb
Nemelex Xobeh
Okawaru
Qazlal
Ru
Sif Muna
Trog
Uskayaw
Vehumet
Wu Jian
Xom
Yredelemnul
Zin
The Shining One
Beogh
Jiyva
Lugonu


Message History

You hit the orc warrior but do no damage.
The orc warrior is moderately wounded.
The wall freezes the orc warrior.
Attack whom?
Press: ? - help, Dir - move target cursor, f/p - orc warrior
Aim: an orc warrior, wielding a +0 scimitar and wearing a +0 plate armour (moderately wounded)
You hit the orc warrior but do no damage.
The orc warrior is moderately wounded.
The wall freezes the orc warrior.
The orc warrior misses you.
Casting: Frozen Ramparts (dangerous; 5% risk of failure)
Confirm with . or Enter, or press ? or * to list all spells.
Aiming: Freeze (safe; 1% risk of failure)
Press: ? - help, Shift-Dir - straight line, f/p - orc warrior
Aim: an orc warrior, wielding a +0 scimitar and wearing a +0 plate armour (heavily wounded)
You freeze the orc warrior.
The orc warrior is severely wounded.
The wall freezes the orc warrior.
The orc warrior hits you with a +0 scimitar!
Ouch! That really hurt!
You die...

############
#_________.#
#_________.#
#_______...###########
##########'##.........
#.?(.')))'.##......#..
##########.##.........
#...o@......'.........
#'#####'#####......#..
#.#..#..#..##.........
#.#..'÷.'..#####'#####
#.##'####÷###.......#
#.#........##.......#
#5#........##.......#
#.#####'#####...<...#
#.#...)).[.##.......#


You could see an orc warrior.

Vanquished Creatures
  A quasit (D)
  An adder (D)
  A white imp (D)
  An ooze (D)
  An adder skeleton (D)
  A leopard gecko (D)
  A goblin (D)
  A kobold (D)
  3 bats (D)
11 creatures vanquished.

Notes
Turn   | Place    | Note
-------+----------+-------------------------------------------
     0 | D        | Morrissey the Merfolk Ice Elementalist began the quest for
                  | the Orb.
     0 | D        | Reached XP level 1. HP: 13/13 MP: 3/3
    45 | D        | Found a glowing golden altar of the Shining One.
    45 | D        | Found a glowing silver altar of Zin.
    45 | D        | Found a basalt altar of Yredelemnul.
    45 | D        | Found a shimmering altar of Xom.
    45 | D        | Found an ornate altar of the Wu Jian Council.
    45 | D        | Found a bloodstained altar of Trog.
    45 | D        | Found a shimmering blue altar of Sif Muna.
    45 | D        | Found a sacrificial altar of Ru.
    45 | D        | Found a stormy altar of Qazlal.
    45 | D        | Found an iron altar of Okawaru.
    45 | D        | Found a sparkling altar of Nemelex Xobeh.
    45 | D        | Found a burning altar of Makhleb.
    45 | D        | Found a viscous altar of Jiyva.
    45 | D        | Found a hazy altar of Hepliaklqana.
    45 | D        | Found an opulent altar of Gozag.
    45 | D        | Found a blossoming altar of Fedhas.
    45 | D        | Found a white marble altar of Elyvilon.
    45 | D        | Found a shadowy altar of Dithmenos.
    45 | D        | Found a snail-covered altar of Cheibriados.
    47 | D        | Found a corrupted altar of Lugonu.
    47 | D        | Found a radiant altar of Vehumet.
    47 | D        | Found a roughly hewn altar of Beogh.
    48 | D        | Found an ancient bone altar of Kikubaaqudgha.
    48 | D        | Found a hide-covered altar of Uskayaw.
    48 | D        | Found a shattered altar of Ashenzari.
    59 | D        | Became a worshipper of Warmaster Okawaru
    77 | D        | Reached skill level 1 in Polearms
    80 | D        | Reached skill level 1 in Fighting
    92 | D        | Reached skill level 5 in Ice Magic
    92 | D        | Reached XP level 2. HP: 21/22 MP: 0/5
   108 | D        | Reached skill level 5 in Polearms
   108 | D        | Reached skill level 5 in Dodging
   108 | D        | Reached skill level 6 in Ice Magic
   108 | D        | Reached XP level 3. HP: 21/28 MP: 1/6
   258 | D        | Learned a level 3 spell: Frozen Ramparts
   268 | D        | Noticed an orc warrior
   286 | D        | Reached XP level 4. HP: 21/34 MP: 7/7
   292 | D        | Slain by an orc warrior

Illustrated notes

Levels and vault maps discovered:
D:        pitsprint [storerooms_1, entrance_room_1, metal_vault_4, armoury_2,
          mini_pit_1, grid_room_1, main_hall_1, silver_pit, the_coven_3,
          the_vestibule_1, steel_vault_3, golden_pit, hallway_of_sentries,
          crystal_vault_4, iron_vault_3, final_vault]

Skill      XL: |  1  2 |
---------------+-------+-----
Dodging        | 4 5 |  5.9
Polearms       | 3 5 |  5.3
Fighting       | 1 2 |  2.9
Ice Magic      | 5 6 |  6.3
Stealth        | |  2.1
Spellcasting   | |  2.0

Action                   |  1- 3 |  4- 6 || total
-------------------------+-------+-------++-------
Melee: Trident           |    21 |     2 ||    23
 Cast: Freeze            |     7 |     1 ||     8
       Frozen Ramparts   |       |     1 ||     1
  Use: Potion            |     1 |       ||     1
Armor: Robe              |     7 |       ||     7
Dodge: Dodged            |    28 |     1 ||    29

Table legend:
 A = Non-vault XP
 B = Vault XP
 C = Vault XP percentage of total XP
 D = Non-vault monster count
 E = Vault monster count
 F = Vault count percentage of total count
                 A         B        C        D         E       F
            +---------+---------+-------+---------+---------+-------
      Total |       0 |      91 | 100.0 |       0 |      11 | 100.0
            +---------+---------+-------+---------+---------+-------
          D |       0 |      91 | 100.0 |       0 |      11 | 100.0
            +---------+---------+-------+---------+---------+-------
